Brynhildr, lawful female dwarven Valkyrie ------------------------- ----------------------- |........................ .h.....................| |........................ n .......................| |......F................. i .......................| |........................ .......................| |........................ .........:.............| |.................F...... i (......................| ...>.......................................................F..v.......... ............................ ... ..... r ................!.......!... .... ..... | ...... ............................ ..... ..... | |......)......%E....................F...i.:............*..................| |.............@........Y...i .eS.. ii ..E.......v...................| |..................%.....<. .... ....^........................| |"......................... ............................| |...?.................... .......................| |........................ .......................| ------------------------- ----------------------- Brynhildr the Woman-at-arms Experience level: 10 Strength: 15 Dexterity: 14 Constitution: 17 Intelligence: 8 Wisdom: 11 Charisma: 11 Health: 0(101) Energy: 9(9) AC: 2 Gold: 1068 Moves: 7775 Your Inventory: Coins $ - 1068 gold pieces Amulets n - an [uncursed] circular amulet [of life saving] S - an [uncursed] amulet of reflection (being worn) Weapons a - the blessed rustproof +1 Excalibur (weapon in hand) b - 2 uncursed +0 daggers M - a [cursed +0] elven dagger [of aggravation] Armor c - an uncursed +3 small shield (being worn) k - a cursed -1 helm of opposite alignment and brilliance B - an uncursed +0 faded pall [elven cloak] (being worn) T - an uncursed +0 orcish helm (being worn) Comestibles d - 8 uncursed food rations z - an [uncursed] tin [of jackal meat] G - 4 [uncursed] lizard corpses U - an [uncursed] tin [of giant beetle meat] Y - 3 [uncursed] slime molds Scrolls f - 2 uncursed scrolls of confuse monster g - an [uncursed] scroll labeled ACHAT SHTAYIM SHALOSH [of remove curse] h - a blessed scroll of light i - an uncursed scroll of enchant armor q - an [uncursed] scroll of light s - an [uncursed] scroll of destroy armor w - a [blessed] scroll labeled ELAM EBOW [of food detection] W - an uncursed scroll of identify Potions p - an [uncursed] ruby potion [of hallucination] r - an [uncursed] sky blue potion [of monster detection] y - an [uncursed] pink potion [of levitation] A - an [uncursed] icy potion [of object detection] E - 2 blessed icy potions [of object detection] F - an [uncursed] icy potion [of object detection] H - an uncursed effervescent potion [of gain energy] N - a blessed clear potion [of holy water] P - an uncursed dark potion [of booze] Z - an [uncursed] clear potion [of water] Rings m - an [uncursed +1] silver ring [of gain wisdom] t - a [cursed] obsidian ring [of polymorph] I - an uncursed ring of levitation Wands l - an [uncursed] pine wand [of make invisible (0:4)] Q - an [uncursed] walnut wand [of striking (0:4)] Tools D - an [uncursed magic] lamp L - an [uncursed tooled] horn O - an [uncursed] magic marker [0:67] X - an [uncursed] lock pick Spells known in the end: Name Level Category Fail Memory Your skills at the end: Fighting Skills shield [Basic / Expert] Weapon Skills dagger [Basic / Expert] long sword [Expert / Expert] Spellcasting Skills Final Attributes: You were piously aligned. Hunger level was 639. Your alignment was 48 / 48. Monster difficulty range was 1 - 10. Level difficulty was 10. You were immune to cold. You resisted poison. You were immune to level-drain. You were telepathic. You had automatic searching. You had infravision. You were stealthy. You were fast. You had reflection. Your luck was zero. You are dead. Vanquished creatures: a long worm a stalker 2 winter wolves 6 small mimics an ettin mummy a troll a sasquatch a pyrolisk 2 large dogs a freezing sphere a tiger a leocrotta a stone giant 2 elf mummies a python a chameleon a crocodile a giant beetle a quivering blob 3 wolves 3 lynxes a spotted jelly a leprechaun an orc-captain an iron piercer 3 giant spiders 2 scorpions a forest centaur an orc mummy 3 ogres an owlbear a yeti a gold golem 4 lizards 2 dogs 2 jaguars a dust vortex a snake 2 apes 4 Woodland-elves 2 fire ants an imp a quasit a wood nymph a water nymph 3 mountain nymphs 5 Mordor orcs 3 enormous rats a rock mole 2 yellow lights 3 shriekers 2 violet fungi a kobold mummy a black naga hatchling a giant ant 4 little dogs 2 floating eyes a kitten a dwarf a kobold lord a kobold shaman 9 rothes a centipede a giant bat 2 orc zombies 2 wererats 2 werejackals 4 muggers 3 iguanas an acid blob 2 coyotes a hobbit 2 manes 2 large kobolds 7 giant rats a cave spider 2 yellow molds 10 gnomes a garter snake 2 gnome zombies 4 geckos 4 jackals a fox 3 kobolds 3 goblins 3 sewer rats 3 grid bugs a bat 2 lichens a kobold zombie 4 newts 188 creatures vanquished. Voluntary challenges: You used a wielded weapon 303 times. You read items or engraved 7 times. You put on armor 4 times. You never genocided any monsters. You never polymorphed an object. You changed form 1 time. You used no wishes. You wrote Elbereth's name 2 times. You never encountered a bones level. You never used any Sokoban shortcuts. Dungeon overview: The Dungeons of Doom: levels 1 to 10 Level 1 a fountain a long staircase Level 3 a scroll shop Level 4 a fountain stairs to The Gnomish Mines Level 5 a general store, a fountain Level 6 many fountains Level 7 stairs to Sokoban Level 8 a fountain stairs to Town Level 9 a fountain Level 10 <- You were here The Gnomish Mines: levels 5 to 12 Level 5 stairs to The Dungeons of Doom Level 7 many shops, a temple, a magic chest, some fountains Sokoban: Level 6 a magic chest stairs to The Dungeons of Doom Town: levels 5 to 7 Level 5 some shops, some fountains, a sink Level 6 many fountains, many trees Level 7 stairs to The Dungeons of Doom History has recorded: On T:1 you entered the Dungeons of Doom to retrieve the Amulet of Yendor! On T:34 you reached level 2 of The Dungeons of Doom. On T:449 you advanced to experience level 2. On T:642 you reached level 3 of The Dungeons of Doom. On T:652 you advanced to experience level 3. On T:744 you advanced to experience level 4. On T:759 you reached level 4 of The Dungeons of Doom. On T:1215 you advanced to experience level 5. On T:1619 you reached level 1 of The Gnomish Mines. On T:1667 you reached level 2 of The Gnomish Mines. On T:1743 you reached level 3 of The Gnomish Mines. On T:1854 you reached level 4 of The Gnomish Mines. On T:1898 you advanced to experience level 6. On T:2159 you advanced to experience level 7. On T:2569 you advanced to experience level 8. On T:2658 you reached level 5 of The Gnomish Mines. On T:2937 you reached level 6 of The Gnomish Mines. On T:3095 you reached level 7 of The Gnomish Mines. On T:3223 you reached level 8 of The Gnomish Mines. On T:3334 you advanced to experience level 9. On T:5203 you reached level 5 of The Dungeons of Doom. On T:5567 you reached level 6 of The Dungeons of Doom. On T:5817 you reached level 7 of The Dungeons of Doom. On T:5897 you reached level 3 of Sokoban. On T:6094 you advanced to experience level 10. On T:6101 you reached level 8 of The Dungeons of Doom. On T:6370 you reached level 3 of Town. On T:6427 you reached level 2 of Town. On T:6564 you reached level 1 of Town. On T:7292 you reached level 9 of The Dungeons of Doom. On T:7615 you reached level 10 of The Dungeons of Doom. Latest messages: The troll bites! [HP-32=69] You miss the troll. You feel more confident in your weapon skills. You hit the troll. The troll hits! (2x) The troll misses. You can see again. [HP-16=53] You are now most skilled in long sword. You hit the troll! Suddenly, the pyrolisk disappears out of sight. The water elemental hits! The troll thrusts her ranseur. The troll hits! (2x) The troll bites! [HP-40=13] You kill the troll! You hit the water elemental! The water elemental hits! You die... Final status: Farvel Brynhildr the Valkyrie... You died in The Dungeons of Doom on dungeon level 10 with 21998 points, and 1068 pieces of gold, after 7775 moves. You were level 10 with a maximum of 101 hit points when you died.